 Dungeon Crawl Stone Soup version 0.21.1-1-g345015f (webtiles) character file.

102 RENEGADE the Shield-Bearer (level 5, -7/41 HPs)
             Began as a Human Fighter on June 12, 2018.
             Was an Initiate of Nemelex Xobeh.
             Mangled by an ice beast (11 damage)
             ... on level 3 of the Dungeon.
             The game lasted 00:11:04 (1887 turns).

RENEGADE the Shield-Bearer (Human Fighter)          Turns: 1887, Time: 00:11:07

Health: -7/41      AC:  7    Str: 17    XL:     5   Next: 6%
Magic:  5/5        EV:  7    Int:  9    God:    Nemelex Xobeh [......]
Gold:   108        SH:  9    Dex: 12    Spells: 4/4 levels left

rFire    . . .     SeeInvis .   a - +0 long sword
rCold    . . .     Gourm    .   c - +0 shield
rNeg     . . .     Faith    .   b - +0 scale mail
rPois    .         Spirit   .   (no helmet)
rElec    .         Reflect  .   (no cloak)
rCorr    .         Harm     .   (no gloves)
MR       .....                  (no boots)
Stlth    ..........             (no amulet)
HPRegen  0.13/turn              (no ring)
MPRegen  0.09/turn              (no ring)

@: no status effects
A: no striking features
a: Renounce Religion


You were on level 3 of the Dungeon.
You worshipped Nemelex Xobeh.
Nemelex Xobeh was noncommittal.
You were very hungry.

You visited 1 branch of the dungeon, and saw 3 of its levels.

You collected 108 gold pieces.

Inventory:

Hand Weapons
 a - a +0 long sword (weapon)
Armour
 b - a +0 scale mail (worn)
 c - a +0 shield (worn)
Scrolls
 e - 2 scrolls of remove curse {unknown}
 g - 2 scrolls of identify {unknown}
 h - 2 scrolls of fear {unknown}
 i - a scroll of magic mapping {unknown}
 j - a scroll of random uselessness {unknown}
 l - 2 scrolls of teleportation {unknown}
 m - a scroll of fog {unknown}
 q - 2 scrolls of noise {unknown}
Potions
 k - 2 potions of cancellation {unknown}
 n - 2 potions of curing {unknown}
 o - a potion of flight {unknown}
 r - a potion of invisibility {unknown}
 t - a potion of agility {unknown}
Comestibles
 f - 8 rations


   Skills:
 + Level 3.4 Fighting
 + Level 2.9 Long Blades
 + Level 3.7 Armour
 + Level 0.7 Dodging
 + Level 3.7 Shields


You had 4 spell levels left.
You didn't know any spells.

Dungeon Overview and Level Annotations

Branches:
Dungeon (3/15)

Altars:
Dithmenos
Nemelex Xobeh


Message History

The ice beast is lightly wounded.
You block the ice beast's attack.
Your shield and scale mail prevent you from hitting the ice beast.
The ice beast is lightly wounded.
The ice beast hits you. The ice beast freezes you!
You completely miss the ice beast.
The ice beast is lightly wounded.
The ice beast hits you but does no damage.
The ice beast hits you. The ice beast freezes you!
* * * LOW HITPOINT WARNING * * *
You barely miss the ice beast.
The ice beast is lightly wounded.
You block the ice beast's attack.
You closely miss the ice beast.
The ice beast is lightly wounded.
The ice beast hits you.
* * * LOW HITPOINT WARNING * * *
The ice beast freezes you!
You die...
Your body disappears without a glow.

#.....# #.# #
#.....# #.# .#
#.....# #.# ..#
####### #.##.##.#
#.......####
#..........#
#Y##.##.#..# #
#@##.##.#..#######
#.##............<.
#.##.##.#..#######
#.......#..#
####.......#
#########


You could see an ice beast.

Vanquished Creatures
  The ghost of inc the Ducker, a weakling OpTm (D:3)
  2 adders (D:3)
  A worm (D:2)
  2 dart slugs (D:2)
  3 leopard geckos (D:1)
  An orc (D:3)
  2 ball pythons
  4 bats
  A giant cockroach (D:1)
  3 goblins
  4 hobgoblins
  A quokka (D:3)
  5 frilled lizards
  3 kobolds (D:2)
  6 rats
39 creatures vanquished.

Notes
Turn   | Place    | Note
-------+----------+-------------------------------------------
     0 | D:1      | RENEGADE the Human Fighter began the quest for the Orb.
     0 | D:1      | Reached XP level 1. HP: 18/18 MP: 1/1
    83 | D:1      | Reached XP level 2. HP: 21/24 MP: 2/2
   559 | D:1      | Reached XP level 3. HP: 29/29 MP: 3/3
  1419 | D:3      | Found a sparkling altar of Nemelex Xobeh.
  1464 | D:3      | Became a worshipper of Nemelex Xobeh the Trickster
  1651 | D:3      | Reached XP level 4. HP: 28/35 MP: 4/4
  1770 | D:3      | Noticed inc's ghost (weakling OpTm)
  1782 | D:3      | Killed inc's ghost
  1782 | D:3      | Reached XP level 5. HP: 32/41 MP: 5/5
  1830 | D:3      | Found a shadowy altar of Dithmenos.
  1874 | D:3      | Noticed an ice beast
  1887 | D:3      | Mangled by an ice beast

Action                   |  1- 3 |  4- 6 || total
-------------------------+-------+-------++-------
Melee: Long sword        |   130 |    31 ||   161
  Use: Potion            |       |     1 ||     1
  Eat: Chunk             |     2 |       ||     2
Armor: Scale mail        |    82 |    13 ||    95
Dodge: Dodged            |    41 |     3 ||    44
Block: Shield            |    80 |    18 ||    98
       Rpst.: Long sword |    14 |     1 ||    15
